SL
BUCKHEAD BOWTIES @ NEW AMSTERDAM REPUBLICS
05/19/2017
 
TOP OF THE 1ST
Buckhead Bowties batting - Pitching for New Amsterdam Republics : RHP Nathaniel Riley
Pitching: RHP Nathaniel Riley
Batting: LHB Sinclair van Kooten 0-0: Ball
1-0: Ball
2-0: Called Strike
2-1: Fly out, F8 (Flyball, 8RXD)
Batting: LHB Neil Lawson 0-0: Ball
1-0: Fly out, F4 (Popup, 34)
Batting: RHB John Downing 0-0: Called Strike
0-1: Ball
1-1: Foul Ball, location: 2F
1-2: Strikes out swinging
Top of the 1st over - 0 run(s), 0 hit(s), 0 error(s), 0 left on base; Buckhead 0 - New Amsterdam 0
BOTTOM OF THE 1ST
New Amsterdam Republics batting - Pitching for Buckhead Bowties : RHP Miles van de Brekel
Pitching: RHP Miles van de Brekel
Batting: RHB José Ramírez 0-0: Ball
1-0: SINGLE (Groundball, 56D)
Batting: RHB Pedro Cruz 0-0: Ball
1-0: Ball
2-0: Ball
3-0: Called Strike
3-1: Called Strike
3-2: Base on Balls
José Ramírez to second
Batting: RHB Porter Martínez 0-0: Ball
1-0: Called Strike
1-1: Swinging Strike
1-2: Ball
2-2: Strikes out swinging
Batting: LHB Steve Ingram 0-0: Called Strike
José Ramírez steals 3rd base
Pedro Cruz to second
0-1: Ball
1-1: TRIPLE (Flyball, 9D)
José Ramírez scores
Pedro Cruz scores
Batting: RHB Christian O'Neal 0-0: Ball
1-0: Called Strike
1-1: Called Strike
1-2: Foul Ball, location: 2F
1-2: Strikes out swinging
Batting: RHB Noel Livingston 0-0: Swinging Strike
0-1: Swinging Strike
0-2: Strikes out swinging
Bottom of the 1st over - 2 run(s), 2 hit(s), 0 error(s), 1 left on base; Buckhead 0 - New Amsterdam 2
TOP OF THE 2ND
Buckhead Bowties batting - Pitching for New Amsterdam Republics : RHP Nathaniel Riley
Batting: LHB Rubén López 0-0: Ball
1-0: Ball
2-0: Called Strike
2-1: Foul Ball, location: 2F
2-2: Ball
3-2: Ground out 5-3 (Groundball, 56S)
Batting: RHB Iván Vargas 0-0: Ball
1-0: Ball
2-0: Ground out 6-3 (Groundball, 6M)
Batting: RHB Tim Barnes 0-0: Foul Ball, location: 2F
0-1: Called Strike
0-2: Ground out 5-3 (Groundball, 5L)
Top of the 2nd over - 0 run(s), 0 hit(s), 0 error(s), 0 left on base; Buckhead 0 - New Amsterdam 2
BOTTOM OF THE 2ND
New Amsterdam Republics batting - Pitching for Buckhead Bowties : RHP Miles van de Brekel
Batting: RHB Ronald Shelton 0-0: Called Strike
0-1: Ball
1-1: Foul Ball, location: 2F
1-2: Ball
2-2: Strikes out swinging
Batting: RHB Matt Terry 0-0: Foul Ball, location: 2F
0-1: Ball
1-1: Ball
2-1: Ball
3-1: Foul Ball, location: 2F
3-2: Strikes out swinging
Batting: RHB Nathaniel Riley 0-0: Ball
1-0: Ball
2-0: Called Strike
2-1: Foul Ball, location: 2F
2-2: SINGLE (Groundball, 34)
Batting: RHB José Ramírez 0-0: Ball
1-0: Ball
2-0: SINGLE (Line Drive, 9LS)
Nathaniel Riley to second
Runner from 2nd tries for 3rd, SAFE, throw made to third
Batting: RHB Pedro Cruz 0-0: DOUBLE (Flyball, 9LM)
Nathaniel Riley scores
José Ramírez to third
Runner from 3rd tries for Home, SAFE, no throw or cutoff
Batting: RHB Porter Martínez 0-0: Called Strike
0-1: Called Strike
0-2: Ball
1-2: Ground out 5-3 (Groundball, 5S)
Bottom of the 2nd over - 2 run(s), 3 hit(s), 0 error(s), 1 left on base; Buckhead 0 - New Amsterdam 4
TOP OF THE 3RD
Buckhead Bowties batting - Pitching for New Amsterdam Republics : RHP Nathaniel Riley
Batting: RHB Daniel Rose 0-0: Ball
1-0: Ball
2-0: Called Strike
2-1: Foul Ball, location: 2F
2-2: Ball
3-2: Foul Ball, location: 2F
3-2: Strikes out swinging
Batting: RHB Joe Shaw 0-0: Ball
1-0: Called Strike
1-1: Swinging Strike
1-2: Ball
2-2: Ground out 5-3 (Groundball, 5S)
Pinch Hitting: LHB Brad Shockley 0-0: Fly out, F9 (Flyball, 9M)
Top of the 3rd over - 0 run(s), 0 hit(s), 0 error(s), 0 left on base; Buckhead 0 - New Amsterdam 4
BOTTOM OF THE 3RD
New Amsterdam Republics batting - Pitching for Buckhead Bowties : RHP Miles van de Brekel
Pitching: RHP António Lucero
Batting: LHB Steve Ingram 0-0: Called Strike
0-1: Swinging Strike
0-2: Foul Ball, location: 2F
0-2: Fly out, F8 (Flyball, 8RD)
Batting: RHB Christian O'Neal 0-0: Ball
1-0: Called Strike
1-1: Ball
2-1: Foul Ball, location: 2F
2-2: Ball
3-2: Base on Balls
Batting: RHB Noel Livingston 0-0: Ball
1-0: Ball
2-0: Grounds into double play, 5-4-3 (Groundball, 56)
Bottom of the 3rd over - 0 run(s), 0 hit(s), 0 error(s), 0 left on base; Buckhead 0 - New Amsterdam 4
TOP OF THE 4TH
Buckhead Bowties batting - Pitching for New Amsterdam Republics : RHP Nathaniel Riley
Batting: LHB Sinclair van Kooten 0-0: Foul Ball, location: 2F
0-1: Ball
1-1: Foul Ball, location: 2F
1-2: Ball
2-2: Ball
3-2: Base on Balls
Batting: LHB Neil Lawson 0-0: Ball
1-0: Grounds into double play, 4-6-3 (Groundball, 4)
Batting: RHB John Downing 0-0: Called Strike
0-1: Called Strike
0-2: Ball
1-2: Strikes out swinging
Top of the 4th over - 0 run(s), 0 hit(s), 0 error(s), 0 left on base; Buckhead 0 - New Amsterdam 4
BOTTOM OF THE 4TH
New Amsterdam Republics batting - Pitching for Buckhead Bowties : RHP António Lucero
Batting: RHB Ronald Shelton 0-0: Ball
1-0: Ball
2-0: Foul Ball, location: 2F
2-1: Fly out, F7 (Flyball, 78M)
Batting: RHB Matt Terry 0-0: Foul Ball, location: 2F
0-1: Ball
1-1: Foul Ball, location: 2F
1-2: Hit by Pitch
Batting: RHB Nathaniel Riley 0-0: Ball
1-0: Bunted foul
1-1: Bunt missed!
1-2: Sac Bunt - play at first, batter OUT! 1-4
Matt Terry to second
Batting: RHB José Ramírez 0-0: Ground out U3 (Groundball, 3L)
Bottom of the 4th over - 0 run(s), 0 hit(s), 0 error(s), 1 left on base; Buckhead 0 - New Amsterdam 4
TOP OF THE 5TH
Buckhead Bowties batting - Pitching for New Amsterdam Republics : RHP Nathaniel Riley
Batting: LHB Rubén López 0-0: Foul Ball, location: 2F
0-1: SINGLE (Line Drive, 8RS)
Batting: RHB Iván Vargas 0-0: Called Strike
0-1: Called Strike
0-2: Fly out, F7 (Line Drive, 7D)
Batting: RHB Tim Barnes 0-0: Called Strike
Rubén López is caught stealing 2nd base
0-1: Ball
1-1: Fly out, F7 (Flyball, 7LMF)
Top of the 5th over - 0 run(s), 1 hit(s), 0 error(s), 0 left on base; Buckhead 0 - New Amsterdam 4
BOTTOM OF THE 5TH
New Amsterdam Republics batting - Pitching for Buckhead Bowties : RHP António Lucero
Batting: RHB Pedro Cruz 0-0: Called Strike
0-1: DOUBLE (Flyball, 89XD)
Batting: RHB Porter Martínez 0-0: Ball
1-0: Foul Ball, location: 2F
1-1: Foul Ball, location: 2F
1-2: Ball
2-2: Ground out 5-3 (Groundball, 5)
Batting: LHB Steve Ingram 0-0: Swinging Strike
0-1: Ball
1-1: Ball
2-1: Ball
3-1: Base on Balls
Pitching: RHP Augusto Dávila
Batting: RHB Christian O'Neal 0-0: Ball
1-0: Ball
2-0: Called Strike
2-1: Ball
3-1: Base on Balls
Pedro Cruz to third
Steve Ingram to second
Batting: RHB Noel Livingston 0-0: Ball
1-0: Foul Ball, location: 2F
1-1: Grounds into double play, U6-3 (Groundball, 6M)
Bottom of the 5th over - 0 run(s), 1 hit(s), 0 error(s), 2 left on base; Buckhead 0 - New Amsterdam 4
TOP OF THE 6TH
Buckhead Bowties batting - Pitching for New Amsterdam Republics : RHP Nathaniel Riley
Batting: RHB Daniel Rose 0-0: Swinging Strike
0-1: Ground out 2-3 (Groundball, 23)
Batting: RHB Joe Shaw 0-0: Called Strike
0-1: Swinging Strike
0-2: Ball
1-2: Ball
2-2: Foul Ball, location: 2F
2-2: Foul Ball, location: 2F
2-2: Strikes out looking
Pinch Hitting: SHB Stephen Fraven 0-0: Called Strike
0-1: Ball
1-1: SINGLE (Line Drive, 8LS)
Batting: LHB Sinclair van Kooten 0-0: Called Strike
0-1: Swinging Strike
0-2: Ball
1-2: Foul Ball, location: 2F
1-2: Ball
2-2: Strikes out swinging
Top of the 6th over - 0 run(s), 1 hit(s), 0 error(s), 1 left on base; Buckhead 0 - New Amsterdam 4
BOTTOM OF THE 6TH
New Amsterdam Republics batting - Pitching for Buckhead Bowties : RHP Augusto Dávila
Pitching: LHP Ethan Bishop
Batting: RHB Ronald Shelton 0-0: Ball
1-0: SINGLE (Groundball, 6MD)
Batting: RHB Matt Terry 0-0: Ball
1-0: Ball
2-0: Ball
3-0: Called Strike
3-1: Base on Balls
Ronald Shelton to second
Batting: RHB Nathaniel Riley 0-0: Sac Bunt - play at first, batter OUT! 1-4
Ronald Shelton to third
Matt Terry to second
Batting: RHB José Ramírez 0-0: Ball
1-0: Ground out 4-3 (Groundball, 34S)
Ronald Shelton scores
Matt Terry to third
Batting: RHB Pedro Cruz 0-0: Called Strike
0-1: Ball
1-1: Foul Ball, location: 2F
1-2: SINGLE (Line Drive, 7LS)
Matt Terry scores
Pitching: LHP Chris Rogers
Batting: RHB Porter Martínez 0-0: Ground out 1-3 (Groundball, 13S)
Bottom of the 6th over - 2 run(s), 2 hit(s), 0 error(s), 1 left on base; Buckhead 0 - New Amsterdam 6
TOP OF THE 7TH
Buckhead Bowties batting - Pitching for New Amsterdam Republics : RHP Nathaniel Riley
Now in RF: José Romero
Batting: LHB Neil Lawson 0-0: Ball
1-0: Foul Ball, location: 2F
1-1: Fly out, F9 (Flyball, 89S)
Batting: RHB John Downing 0-0: Swinging Strike
0-1: Called Strike
0-2: Foul Ball, location: 2F
0-2: DOUBLE (Line Drive, 7LD)
Batting: LHB Rubén López 0-0: Called Strike
0-1: Ball
1-1: Ball
2-1: Called Strike
2-2: Ball
3-2: Ground out 4-3 (Groundball, 4)
John Downing to third
Batting: RHB Iván Vargas 0-0: Ball
1-0: Called Strike
1-1: Ball
2-1: Foul Ball, location: 2F
2-2: Foul Ball, location: 2F
2-2: Ground out 6-3 (Groundball, 56)
Top of the 7th over - 0 run(s), 1 hit(s), 0 error(s), 1 left on base; Buckhead 0 - New Amsterdam 6
BOTTOM OF THE 7TH
New Amsterdam Republics batting - Pitching for Buckhead Bowties : LHP Chris Rogers
Batting: RHB José Romero 0-0: DOUBLE (Line Drive, 7LM)
Batting: RHB Christian O'Neal 0-0: Ball
José Romero steals 3rd base
1-0: Ball
2-0: Ball
3-0: Base on Balls
Batting: RHB Noel Livingston 0-0: Ball
1-0: Called Strike
1-1: Ball
Wild Pitch!
José Romero scores
Christian O'Neal to second
2-1: Foul Ball, location: 2F
2-2: SINGLE (Groundball, 3S)
Christian O'Neal to third
Batting: RHB Ronald Shelton 0-0: Swinging Strike
0-1: Fly out, F7 (Line Drive, 7D)
Runner from 3rd tags up, SCORES, no throw
Pitching: LHP Kevin Woods
Batting: RHB Matt Terry 0-0: Called Strike
0-1: Swinging Strike
0-2: Ball
1-2: Foul Ball, location: 2F
1-2: Ball
2-2: Foul Ball, location: 2F
2-2: Foul Ball, location: 2F
2-2: Ball
3-2: Strikes out swinging
Batting: RHB Nathaniel Riley 0-0: Ball
1-0: Foul Ball, location: 2F
1-1: Swinging Strike
1-2: Foul Ball, location: 2F
1-2: Strikes out looking
Bottom of the 7th over - 2 run(s), 2 hit(s), 0 error(s), 1 left on base; Buckhead 0 - New Amsterdam 8
TOP OF THE 8TH
Buckhead Bowties batting - Pitching for New Amsterdam Republics : RHP Nathaniel Riley
Batting: RHB Tim Barnes 0-0: Ball
1-0: SINGLE (Line Drive, 4M)
Batting: RHB Daniel Rose 0-0: Ball
1-0: Called Strike
1-1: Ball
2-1: Ball
3-1: Foul Ball, location: 2F
3-2: Grounds into double play, 5-4-3 (Groundball, 5)
Batting: RHB Joe Shaw 0-0: Called Strike
0-1: Called Strike
0-2: Ball
1-2: Ball
2-2: Strikes out swinging
Top of the 8th over - 0 run(s), 1 hit(s), 0 error(s), 0 left on base; Buckhead 0 - New Amsterdam 8
BOTTOM OF THE 8TH
New Amsterdam Republics batting - Pitching for Buckhead Bowties : LHP Kevin Woods
Batting: RHB José Ramírez 0-0: SINGLE (Line Drive, 7S)
Batting: RHB Pedro Cruz 0-0: Called Strike
José Ramírez steals 2nd base
0-1: Called Strike
0-2: Foul Ball, location: 2F
0-2: Ball
1-2: Ground out 4-3 (Groundball, 4)
José Ramírez to third
Batting: RHB Porter Martínez 0-0: Ground out 5-3 (Groundball, 56)
José Ramírez scores
Batting: RHB José Romero 0-0: Called Strike
0-1: Swinging Strike
0-2: Ball
1-2: Ball
2-2: Ball
3-2: Strikes out swinging
Bottom of the 8th over - 1 run(s), 1 hit(s), 0 error(s), 0 left on base; Buckhead 0 - New Amsterdam 9
TOP OF THE 9TH
Buckhead Bowties batting - Pitching for New Amsterdam Republics : RHP Nathaniel Riley
Pinch Hitting: LHB Chin Pak 0-0: Ball
1-0: Called Strike
1-1: Swinging Strike
1-2: Ball
2-2: Ball
3-2: Strikes out swinging
Batting: LHB Sinclair van Kooten 0-0: Called Strike
0-1: Ball
1-1: Swinging Strike
1-2: Strikes out swinging
Batting: LHB Neil Lawson 0-0: Foul Ball, location: 2F
0-1: Ball
1-1: Ball
2-1: Ball
3-1: Called Strike
3-2: Strikes out swinging
Top of the 9th over - 0 run(s), 0 hit(s), 0 error(s), 0 left on base; Buckhead 0 - New Amsterdam 9
This league is powered by Out of the Park Baseball, the baseball management simulation game for PC, Mac and Linux
Saturday, February 27th, 2021 - OOTP Baseball 15.6 Build 34